 Dungeon Sprint DCSS version 0.30.0-29-ga12c61a403 (webtiles) character file.

Game seed: 7374316346746494670

8936 boopmooplesden the Severer (level 11, -4/91 HPs)
             Began as a Demonspawn Berserker on June 23, 2023.
             Was the Champion of Trog.
             Slain by a demonic crawler (6 damage)
             ... in the Dungeon (Sprint I: "Red Sonja").
             The game lasted 00:05:44 (2996 turns).

boopmooplesden the Severer (Demonspawn Berserker)   Turns: 2996, Time: 00:05:45

Health: -4/91      AC:  7    Str: 18 (19) XL:     11   Next: 16%
Magic:  11/11      EV: 14    Int:  9      God:    Trog [******]
Gold:   156        SH:  0    Dex: 12 (13) Spells: 10/10 levels left

rFire   . . .        h - +6 battleaxe of Huthrocho {drain, rCorr}
rCold   . . .        (shield currently unavailable)
rNeg    . . .        o - +1 leather armour {rPois}
rPois   +            (no helmet)
rElec   .            (no cloak)
rCorr   +            (no gloves)
SInv    .            (no boots)
Will    .....        (no amulet)
Stlth   +++          (no ring)
HPRegen 0.35/turn    (no ring)
MPRegen 0.12/turn

%: no teleportation, random rage (3%)
@: no status effects
A: powered by death 1, sharp scales 2, demonic touch 2, berserk 1, clumsy 1,
deterioration 1, frail 1, screaming 1, inability to read after injury 1
a: Renounce Religion, Berserk, Trog's Hand, Brothers in Arms


You were in the Dungeon.
You worshipped Trog.
Trog was exalted by your worship.
You visited 1 branch You collected 1071 gold pieces.
You spent 915 gold pieces at shops.

Inventory:

Hand Weapons
 a - a +0 hand axe
 h - the +6 battleaxe of Huthrocho (weapon) {drain, rCorr}
   (You bought it in a shop in the Dungeon)

   rCorr:     It protects you from acid and corrosion.
 t - a +3 executioner's axe of flaming
Armour
 b - a +0 animal skin
 j - a +0 ring mail
 m - a +0 scale mail
 o - a +1 leather armour of poison resistance (worn)
Wands
 d - a wand of digging (5)
 i - a wand of flame (18)
Scrolls
 p - a scroll of enchant weapon {unknown}
 q - a scroll of identify
 r - a scroll of poison {unknown}
Potions
 c - 5 potions of curing
 e - 2 potions of haste
 f - 2 potions of magic
 g - 2 potions of berserk rage
 k - a potion of flight {unknown}
 l - 2 potions of degeneration
 n - a potion of mutation {unknown}
Miscellaneous
 s - a lightning rod (4/4)


   Skills:
 + Level 15.0 Fighting
 + Level 17.0 Axes
 + Level 9.5 Armour
 + Level 8.1 Dodging
 + Level 6.1 Stealth


You had 10 spell levels left.
You didn't know any spells.
Your spell library was empty.

Dungeon Overview and Level Annotations

Branches:
Dungeon (1/1)

Altars:
Cheibriados
Dithmenos
Fedhas
Gozag
Hepliaklqana
Kikubaaqudgha
Makhleb
Nemelex Xobeh
Okawaru
Qazlal
Ru
Sif Muna
Trog
Uskayaw
Vehumet
Wu Jian
Xom
Yredelemnul
Jiyva
Lugonu

Shops:
D (?(!:=*?**(([[(=[(([=


Innate Abilities, Weirdness & Mutations

You regenerate a little health from kills.
You are mostly covered in razor-sharp scales. (AC +2, Slay +2)
Your touch may inflict irresistible damage on your foes.
You sometimes lose your temper in combat.
You are clumsy. (Dex -2)
Your body sometimes deteriorates upon taking damage.
You are frail. (-10% HP)
You occasionally shout uncontrollably at your foes.
You occasionally lose the ability to read scrolls when taking damage.


Message History

You hit the demonic crawler.
The demonic crawler is lightly wounded.
You completely miss the demonic crawler.
The demonic crawler hits you! The demonic crawler closely misses you.
The demonic crawler barely misses you.
You slash the demonic crawler!
The demonic crawler is moderately wounded.
You slash the demonic crawler! The demonic crawler barely misses you.
The demonic crawler hits you. The demonic crawler hits you!
The demonic crawler hits you. The demonic crawler hits you! x2
You hit the demonic crawler.
The demonic crawler is moderately wounded.
You hit the demonic crawler. The demonic crawler hits you!
* * * LOW HITPOINT WARNING * * *
The demonic crawler hits you!
You feel threatened and lose the ability to read scrolls!
* * * LOW HITPOINT WARNING * * *
Your body deteriorates!
You feel clumsy. The demonic crawler hits you.
* * * LOW HITPOINT WARNING * * *
The demonic crawler misses you.
The demonic crawler hits you but does no damage.
The demonic crawler misses you.
The demonic crawler attacks as you move away!
The demonic crawler hits you but does no damage.
The demonic crawler hits you.
* * * LOW HITPOINT WARNING * * *
The demonic crawler hits you!
* * * LOW HITPOINT WARNING * * *
Your body deteriorates!
You feel weakened.
Okay, then.
You cannot read scrolls in your current state!
You can read scrolls again.
As you read the scroll labelled JERE PUYTSI, it crumbles to dust.
It is a scroll of identify.
l - 2 potions of degeneration The demonic crawler barely misses you.
The demonic crawler closely misses you.
The demonic crawler hits you but does no damage.
The demonic crawler closely misses you. The demonic crawler hits you.
You die...

###################
).#..'..#__#..'.@.#
..').#..'..'..#)ss##+#
#'#####'#__####...ss.#
..#...#§####§)#####..+
###..##)#~~~..#..# +##
__##'#§§§§~~).'..#
...'..§§#~~~§§#.§#
__##_.#'##'#####§###
__###'#.#....###.'.#


You could see 4 demonic crawlers.

Vanquished Creatures
  2 centaur warriors (D)
  Sonja (D)
  A deep troll (D)
  An oklob plant (D)
  8 shining eyes (D)
  2 unseen horrors (D)
  2 kobold demonologists (D)
  A hornet (D)
  Sigmund (D)
  A slime creature (D)
  A yak (D)
  2 redbacks (D)
  6 floating eyes (D)
  An ogre (D)
  7 necrophages (D)
  8 jellies (D)
  Ijyb (D)
46 creatures vanquished.

Vanquished Creatures (others)
  A gargoyle (D)
  2 ballistomycete spores (D)
3 creatures vanquished.

Grand Total: 49 creatures vanquished

Notes
Turn   | Place    | Note
-------+----------+-------------------------------------------
     0 | D        | boopmooplesden the Demonspawn Berserker began the quest for
                  | the Orb.
     0 | D        | Reached XP level 1. HP: 18/18 MP: 1/1
     1 | D        | Noticed Ijyb
    11 | D        | Killed Ijyb
    12 | D        | Reached skill level 4 in Axes
    12 | D        | Gained mutation: You are partially covered in razor-sharp
                  | scales. (AC +1, Slay +1) [demonic ancestry]
    12 | D        | Reached XP level 2. HP: 6/26 MP: 2/2
   207 | D        | Noticed an ogre
   211 | D        | Killed an ogre
   212 | D        | Reached skill level 6 in Axes
   212 | D        | Reached XP level 3. HP: 17/35 MP: 3/3
   212 | D        | Reached XP level 4. HP: 21/41 MP: 4/4
   403 | D        | Noticed Sigmund
   416 | D        | Killed Sigmund
   416 | D        | Reached ** piety under Trog
   417 | D        | Reached skill level 8 in Axes
   417 | D        | Gained mutation: Your touch may inflict minor irresistible
                  | damage on your foes. [demonic ancestry]
   417 | D        | Reached XP level 5. HP: 49/49 MP: 5/5
   417 | D        | Gained mutation: Your touch may inflict irresistible damage
                  | on your foes. [demonic ancestry]
   417 | D        | Reached XP level 6. HP: 56/56 MP: 6/6
   558 | D        | Found a burning altar of Makhleb.
   558 | D        | Found a viscous altar of Jiyva.
   558 | D        | Found a shimmering altar of Xom.
   558 | D        | Found a corrupted altar of Lugonu.
   558 | D        | Noticed a slime creature
   566 | D        | Killed a slime creature
   567 | D        | Reached skill level 9 in Axes
   894 | D        | Noticed a kobold demonologist
   896 | D        | Noticed a floating eye
   896 | D        | Noticed a kobold demonologist
   898 | D        | Noticed a red devil
   898 | D        | Paralysed by a floating eye for 2 turns
   901 | D        | Killed a floating eye
   902 | D        | Reached XP level 7. HP: 30/64 MP: 7/7
   902 | D        | Killed a kobold demonologist
   902 | D        | Reached *** piety under Trog
   903 | D        | Reached skill level 10 in Fighting
   903 | D        | Reached skill level 10 in Axes
   903 | D        | Reached skill level 5 in Armour
   903 | D        | Reached skill level 1 in Stealth
   907 | D        | Killed a kobold demonologist
   908 | D        | Reached skill level 11 in Axes
   908 | D        | Reached skill level 5 in Dodging
   908 | D        | Reached XP level 8. HP: 36/74 MP: 8/8
  1063 | D        | Found an ornate altar of the Wu Jian Council.
  1063 | D        | Found a shimmering blue altar of Sif Muna.
  1065 | D        | Found a radiant altar of Vehumet.
  1097 | D        | Found Ozostrin's Distillery.
  1097 | D        | Found an ancient bone altar of Kikubaaqudgha.
  1097 | D        | Found a hazy altar of Hepliaklqana.
  1097 | D        | Found a hide-covered altar of Uskayaw.
  1097 | D        | Found a basalt altar of Yredelemnul.
  1097 | D        | Found an opulent altar of Gozag.
  1097 | D        | Found a snail-covered altar of Cheibriados.
  1097 | D        | Found a sacrificial altar of Ru.
  1097 | D        | Found a shadowy altar of Dithmenos.
  1104 | D        | Found a stormy altar of Qazlal.
  1104 | D        | Found a blossoming altar of Fedhas.
  1104 | D        | Found a bloodstained altar of Trog.
  1104 | D        | Found an iron altar of Okawaru.
  1105 | D        | Found a sparkling altar of Nemelex Xobeh.
  1109 | D        | Bought a potion of haste for 110 gold pieces
  1270 | D        | Noticed a centaur warrior
  1272 | D        | Noticed a centaur warrior
  1281 | D        | Killed a centaur warrior
  1281 | D        | Reached **** piety under Trog
  1282 | D        | Reached skill level 12 in Axes
  1289 | D        | Killed a centaur warrior
  1290 | D        | Reached skill level 13 in Axes
  1290 | D        | Gained mutation: You are mostly covered in razor-sharp
                  | scales. (AC +2, Slay +2) [demonic ancestry]
  1290 | D        | Reached XP level 9. HP: 67/83 MP: 9/9
  1367 | D        | Killed a gargoyle
  1406 | D        | Noticed an oklob plant
  1588 | D        | Noticed a deep troll
  1601 | D        | Killed a deep troll
  1613 | D        | Found Luunlo's Armour Emporium.
  1621 | D        | Bought a +1 leather armour of poison resistance for 154
                  | gold pieces
  1807 | D        | Noticed Sonja
  1820 | D        | HP: 3/84 [Sonja/+4 short sword of distortion (3)]
  1822 | D        | Killed Sonja
  1823 | D        | Reached skill level 14 in Axes
  2250 | D        | Found Volipnu's Weapon Boutique.
  2258 | D        | Bought the +6 battleaxe of Huthrocho {drain, rCorr} for 651
                  | gold pieces
  2291 | D        | Killed an oklob plant
  2292 | D        | Gained mutation: You regenerate a little health from kills.
                  | [demonic ancestry]
  2292 | D        | Reached XP level 10. HP: 92/92 MP: 10/10
  2327 | D        | Reached ***** piety under Trog
  2534 | D        | Received a gift from Trog
  2551 | D        | Reached ****** piety under Trog
  2576 | D        | Reached skill level 5 in Stealth
  2594 | D        | Found Oskatub's Magic Scroll Shoppe.
  2594 | D        | Found Ziceubb's General Store.
  2594 | D        | Found Rosch's Assorted Antiques.
  2596 | D        | Found Koug's General Store.
  2596 | D        | Found Reculik's Antique Weapon Shop.
  2596 | D        | Found Waelet's Antique Weapon Shoppe.
  2596 | D        | Found Aheavih's Antique Armour Boutique.
  2596 | D        | Found Varrista's Armour Emporium.
  2596 | D        | Found Extoj's Antique Weapon Shop.
  2596 | D        | Found Xagrociuro's Jewellery Shoppe.
  2600 | D        | Found Gaijymen's Antique Armour Boutique.
  2601 | D        | Found Gaixzal's Weapon Emporium.
  2601 | D        | Found Porop's Antique Weapon Boutique.
  2602 | D        | Found Fezxy's Jewellery Emporium.
  2649 | D        | Noticed a shining eye
  2649 | D        | Noticed a shining eye
  2649 | D        | Noticed a shining eye
  2656 | D        | Reached skill level 15 in Axes
  2657 | D        | Killed a shining eye
  2657 | D        | Received a gift from Trog
  2658 | D        | Noticed a shining eye
  2658 | D        | Noticed a shining eye
  2658 | D        | Noticed a shining eye
  2660 | D        | Gained mutation: You occasionally lose the ability to read
                  | scrolls when taking damage. [a shining eye]
  2662 | D        | Killed a shining eye
  2664 | D        | Gained mutation: You occasionally shout uncontrollably at
                  | your foes. [a shining eye]
  2666 | D        | Killed a shining eye
  2668 | D        | Gained mutation: Your body sometimes deteriorates upon
                  | taking damage. [a shining eye]
  2669 | D        | Killed a shining eye
  2670 | D        | Reached skill level 16 in Axes
  2671 | D        | Killed a shining eye
  2672 | D        | Reached XP level 11. HP: 101/101 MP: 11/11
  2672 | D        | Killed a shining eye
  2674 | D        | Noticed a shining eye
  2674 | D        | Noticed a shining eye
  2917 | D        | Gained mutation: You sometimes lose your temper in combat.
                  | [a shining eye]
  2919 | D        | Killed a shining eye
  2919 | D        | Received a gift from Trog
  2920 | D        | Gained mutation: You are frail. (-10% HP) [a shining eye]
  2923 | D        | Gained mutation: You are clumsy. (Dex -2) [a shining eye]
  2924 | D        | Killed a shining eye
  2925 | D        | Reached skill level 15 in Fighting
  2925 | D        | Reached skill level 17 in Axes
  2938 | D        | Found Mithroebbe's Magic Scroll Shoppe.
  2938 | D        | Found Tiar's Book Shop.
  2938 | D        | Found Taopum's Antique Weapon Emporium.
  2938 | D        | Found Veheug's Jewellery Boutique.
  2994 | D        | HP: 1/91 [demonic crawler (10)]
  2996 | D        | Slain by a demonic crawler

Illustrated notes

Levels and vault maps discovered:
D:        dungeon_sprint_1 [red_sonja_temple_1, red_sonja_temple_small_1]

Skill      XL: |  1  2  3  4  5  6  7  8  9 10 11 |
---------------+----------------------------------+-----
Fighting       | 4 6 8 9 10 12 13 14 15 | 15.0
Axes           | 4 6 8 9 11 13 14 16 17 | 17.0
Armour         | 2 3 4 5 7 9 |  9.5
Dodging        | 2 3 4 5 6 8 |  8.1
Stealth        | 1 2 3 6 |  6.1

Action                     |  1- 3 |  4- 6 |  7- 9 | 10-12 || total
---------------------------+-------+-------+-------+-------++-------
  Melee: Hand axe          |    12 |    20 |    55 |       ||    87
         Touch             |       |     3 |    10 |       ||    13
         Battleaxe         |       |       |     5 |    68 ||    73
         Punch             |       |       |     1 |       ||     1
 Invoke: Berserk           |     2 |     2 |     5 |     2 ||    11
    Use: Scroll            |       |       |     3 |     1 ||     4
         Potion            |       |       |     1 |       ||     1
   Stab: Sleeping          |       |       |       |     2 ||     2
 Armour: Ring mail         |       |     2 |    17 |       ||    19
         Leather armour    |       |       |     4 |    20 ||    24
         Scale mail        |       |       |     1 |       ||     1
  Dodge: Dodged            |     2 |     5 |    34 |    34 ||    75
